 Dungeon Crawl Stone Soup version 0.25-a0-353-ged6d54792d (webtiles) character file.

Game seed: 165959529565165334, levelgen mode: deterministic

0 Gargoyl the Skirmisher (level 1, -10/19 HPs)
             Began as a Centaur Abyssal Knight on Jan 2, 2020.
             Was a Follower of Lugonu.
             Killed from afar by a ynoxinul (16 damage)
             ... with an iron shot
             ... on level 1 of the Abyss.
             The game lasted 00:01:16 (416 turns).

Gargoyl the Skirmisher (Centaur Abyssal Knight)      Turns: 416, Time: 00:01:17

Health: -10/19     AC:  4    Str: 14    XL:     1   Next: 0%
Magic:  2/2        EV:  9    Int: 11    God:    Lugonu [*.....]
Gold:   5          SH:  0    Dex:  8    Spells: 0/0 levels left

rFire    . . .     SeeInvis .   a - +1 hand axe
rCold    + . .     Gourm    .   (no shield)
rNeg     . . .     Faith    .   b - +0 leather armour
rPois    .         Spirit   .   (no helmet)
rElec    .         Reflect  .   (no cloak)
rCorr    .         Harm     .   (no gloves)
MR       .....                  (no barding)
Stlth    ..........             (no amulet)
HPRegen  0.06/turn              d - ring of protection from cold
MPRegen  0.08/turn              (no ring)

@: very quick
A: large, hooves 3, deformed body, speed 2, tough skin 3
a: Depart the Abyss, Renounce Religion


You were on level 1 of the Abyss.
You worshipped Lugonu.
Lugonu was aware of your devotion.
You were not hungry.

You visited 0 branches of the dungeon, and saw 0 of its levels.
You visited the Abyss 1 time.

You collected 5 gold pieces.

Inventory:

Hand Weapons
 a - a +1 hand axe (weapon)
Armour
 b - a +0 leather armour (worn)
Jewellery
 d - a ring of protection from cold (left hand)
Comestibles
 c - a ration


   Skills:
 + Level 3.0 Fighting
 + Level 1.7 Axes
 + Level 1.3 Armour
 + Level 0.6 Dodging
 + Level 2.0 Invocations


You couldn't memorise any spells.
You didn't know any spells.
Your spell library was empty.

Dungeon Overview and Level Annotations

Branches:
Dungeon (0/15)

Altars:


Innate Abilities, Weirdness & Mutations

You have hooves in place of feet.
Armour fits poorly on your strangely shaped body.
You cover ground very quickly.
You have extremely tough skin. (AC +3)


Message History

You now have 5 gold pieces.
There is a gateway leading out of the Abyss here.
A quasit comes into view.
The quasit gives a chilling moan.
A large abomination comes into view.
A tentacled starspawn comes into view.
A white imp comes into view.
The white imp shouts!
Tentacles burst from the starspawn's body!
The white imp gestures at you. The puff of frost hits you.
You resist. 2 starspawn tentacles come into view.
A glowing orange brain comes into view.
The glowing orange brain turns its attention towards you.
A tentacle flies out from the starspawn's body!
A starspawn tentacle comes into view.
A ynoxinul comes into view.
The ynoxinul gestures at you. The iron shot hits you!
Ouch! That really hurt!
You die...

#
#..#....#..#
#5####....#
.##.###.X##
#
.G.G.##..##
#......#
#..#.###
###..#
#..####.##.#
#.....@....#
##....#...##
#..#.#.3##
#.. #.##.#
#. .# ## # #


You could see a ynoxinul.

Vanquished Creatures (others)
  9 starspawn tentacles (Abyss:1)
9 creatures vanquished.

Notes
Turn   | Place    | Note
-------+----------+-------------------------------------------
     0 | Abyss:1  | Gargoyl the Centaur Abyssal Knight began the quest for the
                  | Orb.
     0 | Abyss:1  | Reached XP level 1. HP: 19/19 MP: 2/2
    12 | Abyss:1  | Found a corrupted altar of Lugonu.
    93 | Abyss:1  | Noticed a tentacled starspawn
   114 | Abyss:1  | Noticed a sun demon
   137 | Abyss:1  | Noticed a wretched star
   156 | Abyss:1  | Noticed a large abomination
   176 | Abyss:1  | Noticed a rakshasa
   201 | Abyss:1  | Noticed a tentacled starspawn
   211 | Abyss:1  | Noticed a bone dragon
   219 | Abyss:1  | Noticed a starcursed mass
   227 | Abyss:1  | Noticed a small abomination
   246 | Abyss:1  | Noticed a large abomination
   262 | Abyss:1  | Noticed a worldbinder
   264 | Abyss:1  | Noticed an orb spider
   274 | Abyss:1  | Noticed a jumping spider
   366 | Abyss:1  | Noticed a quasit
   380 | Abyss:1  | Noticed a large abomination
   404 | Abyss:1  | Noticed a tentacled starspawn
   412 | Abyss:1  | Noticed a glowing orange brain
   415 | Abyss:1  | Noticed a ynoxinul
   416 | Abyss:1  | Killed from afar by a ynoxinul

Levels and vault maps discovered:
Abyss:1:  bh_abyss_xom_lugonu_altar

Action                   || total
-------------------------++-------
  Use: Potion            ||     1

Table legend:
 A = Non-vault XP
 B = Vault XP
 C = Vault XP percentage of total XP
 D = Non-vault monster count
 E = Vault monster count
 F = Vault count percentage of total count
                 A         B        C        D         E       F
            +---------+---------+-------+---------+---------+-------
      Total |       0 |       0 |   N/A |       0 |       0 |  -nan
            +---------+---------+-------+---------+---------+-------
            +---------+---------+-------+---------+---------+-------
